 Dungeon Crawl Stone Soup version 0.23.2-1-ga50397a (webtiles) character file.

Game seed: 18166862192869542993

58 schauveau the Shooter (level 3, -11/30 HPs)
             Began as a Centaur Hunter on Apr 25, 2019.
             Mangled by an ogre
             ... wielding a +0 giant club
              (27 damage)
             ... on level 4 of the Dungeon.
             The game lasted 00:01:43 (748 turns).

schauveau the Shooter (Centaur Hunter)               Turns: 748, Time: 00:01:43

Health: -11/30     AC:  4    Str: 14    XL:     3   Next: 75%
Magic:  3/3        EV:  9    Int: 10    God:
Gold:   34         SH:  0    Dex: 10    Spells: 2/2 levels left

rFire    . . .     SeeInvis .   a - +1 shortbow
rCold    . . .     Gourm    .   (shield currently unavailable)
rNeg     . . .     Faith    .   c - +0 leather armour
rPois    .         Spirit   .   (no helmet)
rElec    .         Reflect  .   (no cloak)
rCorr    .         Harm     .   (no gloves)
MR       .....                  (no barding)
Stlth    +.........             (no amulet)
HPRegen  0.10/turn              (no ring)
MPRegen  0.08/turn              (no ring)

@: very quick
A: large, hooves 3, deformed body, speed 2, tough skin 3
a: no special abilities


You were on level 4 of the Dungeon.
You were not hungry.

You visited 1 branch of the dungeon, and saw 5 of its levels.

You collected 34 gold pieces.

Inventory:

Hand Weapons
 a - a +1 shortbow (weapon)
 b - a +0 short sword
Missiles
 d - 12 arrows (quivered)
 e - 2 throwing nets
Armour
 c - a +0 leather armour (worn)
Wands
 j - a wand of polymorph (3)
 k - a wand of clouds (3)
Scrolls
 i - a scroll of identify
Comestibles
 f - a ration
 g - a chunk of flesh


   Skills:
 + Level 2.8 Fighting
 * Level 6.6 Bows
 - Level 1.3 Dodging
 - Level 0.4 Stealth


You had 2 spell levels left.
You didn't know any spells.
Your spell library was empty.

Dungeon Overview and Level Annotations

Branches:
Dungeon (5/15)
 Temple: D:4-7

Altars:


Innate Abilities, Weirdness & Mutations

You have hooves in place of feet.
Armour fits poorly on your strangely shaped body.
You cover ground very quickly.
You have extremely tough skin. (AC +3)


Message History

The ogre is heavily wounded.
Firing (i - inventory. (/) - cycle)
d - 15 arrows (quivered)
Press: ? - help, Shift-Dir - straight line, f/p - ogre
Aim: an ogre, wielding a +0 giant club (heavily wounded)
You shoot an arrow. The arrow hits the ogre.
The ogre is severely wounded.
There is a stone staircase leading down here.
Firing (i - inventory. (/) - cycle)
d - 14 arrows (quivered)
Press: ? - help, Shift-Dir - straight line, f/p - ogre
Aim: an ogre, wielding a +0 giant club (severely wounded)
You shoot an arrow. The arrow hits the ogre.
The ogre is almost dead.
Firing (i - inventory. (/) - cycle)
d - 13 arrows (quivered)
Press: ? - help, Shift-Dir - straight line, f/p - ogre
Aim: an ogre, wielding a +0 giant club (almost dead)
You shoot an arrow. The arrow barely misses the ogre.
The ogre hits you with a +0 giant club!
The ogre hits you with a +0 giant club!!
Ouch! That really hurt!
You die...

#########'##.....
...........#......
...........######.
................#########
........................######
.............................#
.............................#
###..............<...........#
#############@............#
#>O(..((...(..#
#........###'#....
#........#...#....
#........#...#....
##########...#.O.. ....#....
######.... ...#


You could see an ogre.

Vanquished Creatures
  A bullfrog skeleton (D:4)
  An iguana (D:4)
  A worm (D:4)
  2 ball pythons (D:3)
  A bat (D:3)
  A frilled lizard (D:4)
  A rat (D:3)
8 creatures vanquished.

Notes
Turn   | Place    | Note
-------+----------+-------------------------------------------
     0 | D:1      | schauveau the Centaur Hunter began the quest for the Orb.
     0 | D:1      | Reached XP level 1. HP: 17/17 MP: 1/1
   285 | D:4      | Noticed an iguana
   294 | D:4      | Killed an iguana
   294 | D:4      | Reached skill level 6 in Bows
   294 | D:4      | Reached XP level 2. HP: 25/25 MP: 2/2
   343 | D:4      | Reached XP level 3. HP: 12/30 MP: 3/3
   711 | D:5      | Entered Level 5 of the Dungeon
   726 | D:4      | Noticed an ogre
   748 | D:4      | Mangled by an ogre

Skill      XL: |  1 |
---------------+----+-----
Bows           | 6 |  6.6
Fighting       | |  2.8
Dodging        | |  1.3
Stealth        | |  0.4

Action                   || total
-------------------------++-------
Melee: Short sword       ||    28
       Kick              ||     7
 Fire: Shortbow          ||    13
  Use: Scroll            ||     2
Armor: Leather armour    ||    12
Dodge: Dodged            ||    21
